 Dungeon Crawl Stone Soup version 0.30.1-4-g462c640d31 (webtiles) character file.

Game seed: 13757560893082092882

335 Arctor the Firebug (level 6, -11/32 HPs)
             Began as a Gargoyle Fire Elementalist on Sept 4, 2023.
             Mangled by Duvessa
             ... wielding a +0 rapier of speed
              (15 damage)
             ... on level 4 of the Dungeon.
             The game lasted 00:10:11 (4074 turns).

Arctor the Firebug (Gargoyle Fire Elementalist)     Turns: 4074, Time: 00:10:12

Health: -11/32     AC:  7    Str: 11    XL:     6   Next: 53%
Magic:  7/10       EV: 12    Int: 18    God:
Gold:   81         SH:  0    Dex: 10    Spells: 5/11 levels left

rFire   . . .        w - +0 dagger (pain)
rCold   . . .        (no shield)
rNeg    + . .        a - +0 robe
rPois   ∞            (no helmet)
rElec   +            k - +0 cloak
rCorr   .            (no gloves)
SInv    .            (no boots)
Will    .....        e - amulet of magic regeneration
Stlth   ++           (no ring)
HPRegen 0.25/turn    (no ring)
MPRegen 0.52/turn

%: no passive effects
@: no status effects
A: sickness immunity, AC +4, negative energy resistance 1, electricity
resistance, torment resistance 1, petrification resistance
a: no special abilities


You were on level 4 of the Dungeon.
You visited 1 branch of the dungeon, and saw 4 of its levels.

You collected 81 gold pieces.

Inventory:

Hand Weapons
 l - a +0 dagger
 w - a +0 dagger of pain (weapon)
Missiles
 c - 5 javelins
 f - 3 boomerangs of dispersal
 u - 2 throwing nets
Armour
 a - a +0 robe (worn)
 k - a +0 cloak (worn)
Jewellery
 e - an amulet of magic regeneration (around neck)
Scrolls
 d - 4 scrolls of teleportation
 j - a scroll of identify {unknown}
 n - a scroll of brand weapon {unknown}
 o - a scroll of fog
 p - a scroll of enchant weapon {unknown}
 q - a scroll of enchant armour {unknown}
 r - a scroll of silence {unknown}
Potions
 b - a potion of magic
 g - a potion of berserk rage {unknown}
 h - 4 potions of curing {unknown}
 i - a potion of cancellation {unknown}
 m - a potion of brilliance {unknown}
 s - a potion of heal wounds {unknown}
 t - a potion of attraction {unknown}
 v - a potion of haste


   Skills:
 + Level 2.8 Dodging
 + Level 4.0 Stealth
 + Level 3.2 Spellcasting
 + Level 3.2 Conjurations
 + Level 4.1 Fire Magic


You had 5 spell levels left.
You knew the following spells:

 Your Spells              Type           Power      Damage    Failure   Level
a - Foxfire               Conj/Fire      64%        2x1d7     3%          1
b - Scorch                Fire           34%        2d6       4%          2
c - Volatile Blastmotes   Fire/Tloc      20%        2d11      21%         3

Your spell library contained the following spells:

 Spells                   Type           Power      Damage    Failure   Level
 Inner Flame              Hex/Fire       10%        N/A       21%         3
 Poisonous Vapours        Pois/Air       4%         N/A       24%         2
 Mephitic Cloud           Conj/Pois/Air  6%         N/A       30%         3
 Flame Wave               Conj/Fire      16%        2d7       34%         4
 Freezing Cloud           Conj/Ice/Air   3%         6-21      96%         5


Dungeon Overview and Level Annotations

Branches:
Dungeon (4/15)
 Temple: D:4-7

Altars:

Shops:
D:4 *

Annotations:
D:4 Duvessa


Innate Abilities, Weirdness & Mutations

You are immune to sickness and miasma.
Your stone body is resilient. (AC +4)
You are immune to poison.
You resist negative energy. (rN+)
You are resistant to electric shocks. (rElec)
You are resistant to unholy torment.
You are immune to petrification.


Message History

Confirm with . or Enter, or press ? or * to list all spells.
You conjure some foxfire!
The foxfire hits Dowan but does no damage.
Dowan is almost dead.
The foxfire hits Dowan.
You kill Dowan!
You hear a distant scream of rage.
Your Stealth skill increases to level 4!
HP restored.
You are no longer glowing.
Things that are here:
a +0 dagger of pain; a +1 robe of willpower
w - a +0 dagger of pain You have a feeling of ineptitude.
w - a +0 dagger of pain (weapon)
Duvessa goes berserk!
Duvessa rages.
Duvessa is nearby!
Duvessa is nearby!
Duvessa rages.
Duvessa hits you with a +0 rapier of speed.
You barely miss Duvessa.
Duvessa hits you with a +0 rapier of speed.
Duvessa hits you with a +0 rapier of speed!!
Ouch! That really hurt!
* * * LOW HITPOINT WARNING * * *
You are too injured to fight recklessly!
Okay, then.
Okay, then.
Casting: Foxfire (safe; 3% risk of failure)
Confirm with . or Enter, or press ? or * to list all spells.
Flames lash Duvessa but do no damage.
Duvessa hits you but does no damage. Duvessa closely misses you.
Duvessa hits you but does no damage.
Casting: Scorch (safe; 4% risk of failure)
Confirm with . or Enter, or press ? or * to list all spells.
Flames lash Duvessa.
Duvessa is lightly wounded.
Duvessa's fire resistance burns away.
Duvessa hits you with a +0 rapier of speed!
You die...

#..[...........##
#.....∩....#...#
###..........##+##
..............#
#..........<.####
#......###[##...##
......####.#.....#
........#......###
..#..e@.†...#.#
#.......#####
...........#
.##..#..#.##
#####.### ###


You could see Duvessa (berserk, combustible).

Vanquished Creatures
  Dowan (D:4)
  A gnoll bouda (D:4)
  An orc priest (D:2)
  Crazy Yiuf (D:2)
  An iguana (D:4)
  An orc wizard (D:2)
  4 gnolls (D:4)
  An adder (D:2)
  3 worms
  3 dart slugs
  3 orcs (D:2)
  7 ball pythons
  4 endoplasms
  6 giant cockroaches
  8 goblins
  6 hobgoblins
  9 jackals
  4 quokkas
  8 bats
  5 frilled lizards
  6 kobolds
  4 rats
87 creatures vanquished.

Vanquished Creatures (others)
  216 foxfires
216 creatures vanquished.

Grand Total: 303 creatures vanquished

Notes
Turn   | Place    | Note
-------+----------+-------------------------------------------
     0 | D:1      | Arctor the Gargoyle Fire Elementalist began the quest for
                  | the Orb.
     0 | D:1      | Reached XP level 1. HP: 10/10 MP: 3/3
   308 | D:1      | Reached XP level 2. HP: 14/15 MP: 1/5
   447 | D:1      | Learned a level 2 spell: Scorch
   910 | D:1      | Reached XP level 3. HP: 19/19 MP: 2/6
  1992 | D:2      | Learned a level 3 spell: Volatile Blastmotes
  2060 | D:2      | Reached XP level 4. HP: 24/24 MP: 3/7
  2288 | D:2      | Identified a scroll of acquirement
  2288 | D:2      | Acquired an amulet of magic regeneration
  2571 | D:2      | Found a runed translucent door.
  2572 | D:2      | Noticed Crazy Yiuf
  2713 | D:2      | HP: 1/24 [Crazy Yiuf/+2 quarterstaff of chaos (3)]
  2714 | D:2      | Killed Crazy Yiuf
  3036 | D:2      | Reached XP level 5. HP: 24/28 MP: 2/9
  3933 | D:4      | Reached XP level 6. HP: 32/32 MP: 5/10
  4011 | D:4      | Found Cisan's Assorted Antiques.
  4028 | D:4      | Noticed Duvessa
  4028 | D:4      | Noticed Dowan
  4046 | D:4      | Killed Dowan
  4074 | D:4      | Mangled by Duvessa

Illustrated notes

Levels and vault maps discovered:
D:1:      dpeg_arrival_morbid_curiosity, layout_loops_ring
D:2:      layout_basic, minmay_box_of_dots, uniq_crazy_yiuf_cottage
D:3:      layout_rooms, roderic_roman_lattice
D:4:      nicolae_BIG_FREAKIN_CUBE, layout_cave_pools, lemuel_doored_altar,
          serial_shops, nicolae_shop_window_shopping, shop, kennysheep_mini,
          shop, minmay_puff, uniq_duvessa

Skill      XL: |  1  2  3  4  5  6 |
---------------+-------------------+-----
Dodging        | 2 |  2.8
Conjurations   | 2 3 |  3.2
Stealth        | 3 4 |  4.0
Spellcasting   | 3 |  3.2
Fire Magic     | 4 |  4.1

Action                     |  1- 3 |  4- 6 || total
---------------------------+-------+-------++-------
  Melee: Unarmed           |    19 |    20 ||    39
         Punch             |       |     1 ||     1
         Dagger            |       |     3 ||     3
  Throw: Javelin           |       |     1 ||     1
   Cast: Foxfire           |    55 |    83 ||   138
         Scorch            |    16 |    36 ||    52
    Use: Scroll            |     6 |     2 ||     8
         Potion            |       |     2 ||     2
 Armour: Robe              |    21 |    65 ||    86
  Dodge: Dodged            |    63 |    78 ||   141
